 Dungeon Crawl Stone Soup version 0.31-a0-1154-gadca813884 (webtiles) character file.

Game seed: 12528478274249991382

52 Arzdou the Firebug (level 3, -8/20 (21) HPs)
             Began as an Octopode Fire Elementalist on Dec 7, 2023.
             Was a Follower of Cheibriados.
             Mangled by Crazy Yiuf
             ... wielding a +3 quarterstaff of chaos
              (11 damage)
             ... on level 2 of the Dungeon.
             The game lasted 00:02:11 (1578 turns).

Arzdou the Firebug (Octopode Fire Elementalist)     Turns: 1578, Time: 00:02:11

HP:   -8/20 (21)    AC:  1    Str: 10    XL:     3   Next: 85%
MP:   0/7           EV: 13    Int: 22    God:    Cheibriados [*.....]
Gold: 49            SH:  0    Dex: 15    Spells: 4/7 levels left

rFire   . . .        f - +0 glaive
rCold   . . .        (shield currently unavailable)
rNeg    . . .        (helmet restricted)
rPois   .            (no amulet)
rElec   .            (no ring)
rCorr   .            (no ring)
SInv    .            (no ring)
Will    .....        (no ring)
Stlth   +++          (no ring)
HPRegen 0.23/turn    (no ring)
MPRegen 0.10/turn    (no ring)
                     (no ring)

%: no passive effects
@: lightly drained, very slow
A: almost no armour, amphibious, 8 rings, camouflage 1, gelatinous body 1,
(nimble swimmer 1), tentacles
a: Renounce Religion, Bend Time


You were on level 2 of the Dungeon.
You worshipped Cheibriados.
Cheibriados was aware of your devotion.
You visited 1 branch of the dungeon, and saw 2 of its levels.

You collected 49 gold pieces.

Inventory:

Hand Weapons
 f - a +0 glaive (weapon)
Scrolls
 b - 2 scrolls of immolation {unknown}
 d - a scroll of revelation {unknown}
 g - a scroll of fog {unknown}
Potions
 a - a potion of magic
 c - a potion of enlightenment {unknown}
 e - a potion of degeneration {unknown}


   Skills:
 - Level 2.0 Dodging
 - Level 2.8 Stealth
 + Level 2.7 Spellcasting
 + Level 2.1 Conjurations
 + Level 3.5 Fire Magic


You had 4 spell levels left.
You knew the following spells:

 Your Spells              Type           Power      Damage    Failure   Level
a - Foxfire               Conj/Fire      60%        2x1d7     4%          1
b - Scorch                Fire           36%        2d6       4%          2

Your spell library contained the following spells:

 Spells                   Type           Power      Damage    Failure   Level
 Inner Flame              Hex/Fire       10%        N/A       19%         3
 Volatile Blastmotes      Fire/Tloc      20%        2d11      19%         3
 Flame Wave               Conj/Fire      15%        2d7       36%         4


Dungeon Overview and Level Annotations

Branches:
Dungeon (2/15)

Altars:
Cheibriados

Annotations:
D:2 Crazy Yiuf


Innate Abilities, Weirdness & Mutations

You cannot wear most types of armour.
You are amphibious.
You can wear up to eight rings at the same time.
Your skin changes colour to match your surroundings (Stealth+).
Your rubbery body absorbs attacks. (AC +1, EV +1)
((You are camouflaged when in or above water. (Stealth+)))
You have tentacles for arms and can constrict up to eight enemies at once.


Message History

Found a hammer.
Found a runed translucent door.
Press: ? - help, v - describe, . - travel
Here: Crazy Yiuf, wielding a +3 quarterstaff of chaos and wearing a +0 cloak (asleep, fire blocked by a runed translucent door)
The floor.
You open the door.
Crazy Yiuf shouts!
There is an open translucent door here.
Crazy Yiuf says, "Crazy?
Crazy!?
PORCUPINE!"
Crazy Yiuf hits you with a +3 quarterstaff of chaos! x2
* * * LOW HITPOINT WARNING * * *
You feel drained.
* * * LOW HITPOINT WARNING * * *
You are too injured to fight recklessly!
There is an open translucent door here.
Casting: Foxfire (safe; 4% risk of failure)
Confirm with . or Enter, or press ? or * to list all spells.
Flames lash Crazy Yiuf.
Crazy Yiuf is moderately wounded.
Crazy Yiuf's fire resistance burns away.
Crazy Yiuf closely misses you.
Casting: Scorch (safe; 4% risk of failure)
Confirm with . or Enter, or press ? or * to list all spells.
Flames lash Crazy Yiuf.
Crazy Yiuf is burned terribly!
Crazy Yiuf is severely wounded.
Crazy Yiuf closely misses you.
Casting: Scorch (safe; 4% risk of failure)
Confirm with . or Enter, or press ? or * to list all spells.
Flames lash Crazy Yiuf.
Crazy Yiuf is burned terribly!
Crazy Yiuf is almost dead.
Crazy Yiuf barely misses you.
Casting: Scorch (safe; 4% risk of failure)
Confirm with . or Enter, or press ? or * to list all spells.
You don't have enough magic to cast this spell.
You are too injured to fight recklessly!
Casting: Scorch (safe; 4% risk of failure)
Confirm with . or Enter, or press ? or * to list all spells.
You conjure some foxfire!
Crazy Yiuf hits you with a +3 quarterstaff of chaos!
Ouch! That really hurt!
You die...

###....)....(.......#..##.#
#......#.###'##...+.###<#
#..####### ####...## ###
#..# .#..# ######..# #####
.## #.......# #..)# ##
#.....).# #...# #...†...#
#.gv# #.......# ##@##
#.......# ♣♣v♣ #.......#
♣.♣♣ #.......# ♣♣.♣
#.......# ♣.♣♣ ######'##
♣♣.♣♣ #.# ♣...♣♣ #.# ♣....♣
#.# #....#


You could see Crazy Yiuf (combustible, ally target).

Vanquished Creatures
  An adder (D:2)
  An orc (D:2)
  2 ball pythons (D:1)
  8 bats
  3 endoplasms
  A giant cockroach (D:2)
  4 goblins
  5 hobgoblins
  3 kobolds
  A quokka (D:2)
  9 rats
38 creatures vanquished.

Vanquished Creatures (others)
  80 foxfires
80 creatures vanquished.

Grand Total: 118 creatures vanquished

Notes
Turn   | Place    | Note
-------+----------+-------------------------------------------
     0 | D:1      | Arzdou the Octopode Fire Elementalist began the quest for
                  | the Orb.
     0 | D:1      | Reached XP level 1. HP: 11/11 MP: 3/3
   104 | D:1      | Reached XP level 2. HP: 17/17 MP: 0/5
   779 | D:1      | Reached XP level 3. HP: 21/21 MP: 1/6
  1140 | D:1      | Found a faded altar of an unknown god.
  1147 | D:1      | Prayed at the altar of an unknown god.
  1147 | D:1      | Became a worshipper of Cheibriados the Contemplative
  1147 | D:1      | Reached * piety under Cheibriados
  1549 | D:2      | Learned a level 2 spell: Scorch
  1567 | D:2      | Found a runed translucent door.
  1568 | D:2      | Noticed Crazy Yiuf
  1573 | D:2      | HP: 1/20 [Crazy Yiuf/+3 quarterstaff of chaos (1)]
  1578 | D:2      | Mangled by Crazy Yiuf

Illustrated notes

Levels and vault maps discovered:
D:1:      amcnicky_arrival_wind_blow, layout_basic,
          dilly_ecumenical_altar_fadedgnrine
D:2:      layout_basic, st_stairs_6, uniq_crazy_yiuf_cottage

Skill      XL: |  1  2  3 |
---------------+----------+-----
Conjurations   | 2 |  2.1
Dodging        | |  2.0
Stealth        | |  2.8
Spellcasting   | |  2.7
Fire Magic     | |  3.5

Action                     || total
---------------------------++-------
  Melee: Unarmed           ||    24
         Constrict         ||     8
         Punch             ||     1
         Tentacles         ||     5
         Glaive            ||     6
   Cast: Foxfire           ||    48
         Scorch            ||     3
   Stab: Sleeping          ||     5
 Armour: Skin              ||    24
  Dodge: Dodged            ||    37

Table legend: (Time is in decaauts)
 A = Elapsed time spent in this place.
 B = Non-inter-level travel time spent in this place.
 C = Inter-level travel time spent in this place.
 D = Time resting spent in this place.
 E = Time spent auto-exploring this place.
 F = Levels seen in this place.
 G = Mean time per level.
                   A        B        C        D        E       F      G
               +--------+--------+--------+--------+--------+-----+--------+
         Total |   1652 |   1604 |     48 |     44 |   1322 |   2 |  826.0 |
       Dungeon |   1652 |   1604 |     48 |     44 |   1322 |   2 |  826.0 |
               +--------+--------+--------+--------+--------+-----+--------+

Top non-repeatable levels by time:
     D:1: 1249 daAuts
     D:2: 403 daAuts
